Map: Oxide LE

Players

troll

  • Race: Zerg Zerg
  • League: Platinum
  • Spawn Location: 7:00

tasdoo - Winner!

  • Race: Protoss Protoss
  • Spawn Location: 1:00

VOD

Have the link to the VOD?

Description

Time

  • Played on: Feb. 10, 2021, 9:07 a.m.
  • Length: 15:30
Show
View Real Time Build Order
Export as new Build Order

troll Zerg 

Build Orders: Pool First, Lurkers 

Get SALT Encoding   

  12  0:05  Drone  
  13  0:12  Drone  
  14  0:29  Extractor  
  14  0:30  Drone  
  14  0:39  Spawning Pool  
  14  0:41  Drone  
  14  0:55  Overlord  
  14  1:14  Drone x3  
  17  1:29  Queen  
  17  1:32  Metabolic Boost  
  19  1:37  Drone  
  19  1:38  Drone  
  21  1:56  Zergling x2  
  22  2:07  Overlord  
  22  2:13  Lair  
  22  2:24  Hatchery  
  21  2:30  Zergling x6  
  24  2:50  Extractor  
  23  2:52  Drone x3  
  25  3:16  Zergling x2  
  25  3:17  Zergling x4  
  26  3:48  Hydralisk Den  
  25  3:57  Spire  
  25  4:00  Drone x6  
  30  4:05  Queen  
  32  4:12  Overlord  
  32  4:17  Overlord  
  32  4:40  Queen  
  34  4:58  Hydralisk  
  34  4:59  Hydralisk x6  
  48  5:53  Zerg Flyer Weapons Level 1  
  48  5:56  Drone  
  49  5:57  Drone x3  
  52  6:05  Extractor x2  
  52  6:06  Drone x2  
  52  6:09  Overlord x4  
  52  6:15  Overseer  
  52  6:18  Overseer  
  51  6:54  Mutalisk  
  51  6:55  Mutalisk x4  
  61  7:08  Drone  
  61  7:09  Drone x4  
  61  7:14  Overlord  
  63  7:48  Lurker Den  
  62  8:28  Hydralisk  
  62  8:29  Hydralisk x12  
  88  8:53  Infestation Pit  
  87  9:13  Evolution Chamber  
  87  9:15  Evolution Chamber  
  85  9:18  Spine Crawler  
  85  9:23  Lurker x4  
  88  9:29  Overlord x2  
  88  9:30  Overlord  
  88  9:31  Overlord  
  88  9:57  Queen  
  48  11:02  Hydralisk  
  48  11:03  Hydralisk x16  
  48  11:04  Hydralisk  
  82  11:29  Spore Crawler  
  81  11:37  Lurker  
  81  11:38  Lurker x2  
  84  11:40  Lurker  
  81  12:46  Mutalisk x12  
Show
View Real Time Build Order
Export as new Build Order

tasdoo Protoss - Winner!

Build Orders:  

Get SALT Encoding   

  12  0:04  Probe (Chrono Boost)  
  13  0:15  Probe (Chrono Boost)  
  13  0:20  Probe  
  14  0:25  Pylon  
  15  0:43  Probe  
  15  0:44  Gateway  
  16  0:55  Probe  
  17  0:59  Assimilator  
  17  1:07  Probe  
  18  1:16  Pylon  
  18  1:19  Forge  
  18  1:23  Probe (Chrono Boost)  
  22  1:32  Zealot  
  22  1:33  Probe (Chrono Boost)  
  22  1:43  Probe  
  23  1:59  Zealot  
  25  2:02  Nexus  
  25  2:27  Zealot (Chrono Boost)  
  27  2:33  Cybernetics Core  
  27  2:40  Pylon  
  27  2:51  Zealot (Chrono Boost)  
  27  2:52  Protoss Ground Weapons Level 1  
  29  3:08  Warp Gate (Chrono Boost)  
  29  3:15  Probe  
  29  3:19  Adept  
  32  3:27  Probe  
  33  3:39  Probe  
  34  3:52  Probe  
  35  3:58  Shield Battery  
  35  4:02  Twilight Council  
  35  4:04  Probe  
  35  4:07  Pylon  
  36  4:10  Pylon  
  36  4:16  Probe  
  37  4:27  Sentry (Chrono Boost)  
  37  4:28  Probe  
  40  4:36  Gateway  
  40  4:40  Probe, Gateway  
  41  4:51  Probe  
  42  5:04  Probe  
  41  5:32  Stalker x2  
  41  5:35  Charge  
  45  5:42  Assimilator  
  45  5:44  Probe  
  45  5:45  Probe  
  47  5:53  Photon Cannon  
  47  5:56  Probe  
  48  5:57  Probe  
  48  5:58  Pylon  
  49  6:05  Stalker  
  49  6:07  Zealot x2  
  55  6:16  Probe  
  55  6:18  Probe  
  57  6:30  Probe  
  58  6:42  Zealot x2  
  58  6:44  Stalker  
  64  6:48  Protoss Ground Armor Level 1  
  64  6:55  Robotics Facility  
  64  7:04  Stalker  
  66  7:13  Nexus  
  66  7:25  Zealot x2  
  70  7:40  Templar Archives  
  70  7:45  Photon Cannon  
  70  7:57  Assimilator  
  70  8:02  Assimilator  
  70  8:06  Observer  
  71  8:17  Gateway  
  71  8:18  Gateway  
  71  8:20  Gateway  
  71  8:21  Gateway  
  71  8:28  Observer  
  71  8:32  High Templar  
  71  8:34  Zealot x2  
  78  8:42  Probe  
  79  8:54  Probe  
  80  9:01  Stalker  
  80  9:02  Stalker  
  84  9:06  Probe  
  85  9:13  High Templar  
  85  9:15  Stalker  
  85  9:16  Stalker  
  85  9:17  Zealot  
  93  9:24  Pylon  
  93  9:27  Pylon  
  93  9:29  Pylon  
  93  9:34  Archon  
  93  9:42  Probe  
  94  9:47  Protoss Shields Level 1  
  94  9:48  Immortal (Chrono Boost)  
  98  9:54  Probe (Chrono Boost)  
  99  10:06  Probe (Chrono Boost)  
  98  10:07  Observer  
  98  10:12  Probe (Chrono Boost)  
  95  10:20  Probe  
  95  10:21  Immortal  
  80  11:14  High Templar x2  
  80  11:15  High Templar x2  
  80  11:16  Zealot x2  
  80  11:17  Zealot  
  94  11:26  Immortal  
  94  11:29  Archon x2  
  98  11:34  Probe  
  99  11:44  Gateway  
  99  11:46  Probe  
  100  11:47  Gateway  
  100  11:48  Gateway  
  100  11:50  Gateway  
  100  11:58  Pylon  
  100  12:00  Pylon  
  93  12:27  Zealot x4  
  101  12:36  Stalker  
  101  12:37  Stalker x2  
  105  12:38  Zealot  
  105  12:41  Immortal  
  113  12:44  Probe  
  113  12:49  Pylon  
  114  12:53  Photon Cannon  
  114  12:55  Photon Cannon  
  114  12:57  Probe  
  114  12:58  Observer  
  115  12:59  High Templar x3  
  115  13:00  High Templar  
  115  13:01  Zealot  
  115  13:02  Stalker  
  115  13:03  Stalker x2  
  115  13:04  Stalker  
  133  13:09  Probe  
  133  13:10  Pylon  
  134  13:15  Archon x2  
  134  13:21  Immortal  
  138  13:35  Stalker  
  138  13:36  Stalker x2, Zealot  
  138  13:37  Zealot  
  148  14:00  Immortal  
  106  14:14  Stalker x2  
  106  14:15  Stalker x2  
  111  14:17  Stalker x2  
  111  14:18  Stalker x2  
  111  14:19  Stalker x2  
  113  15:22  Stalker  
  113  15:23  Stalker x2  
Tags
 
Composition
Lurkers
League
Platinum
Matchup
PvZ
Opening
Pool First
Spawn Locations
Cross Positions
Add a new tag
Caveats
  • Supply blocks, unpowered buildings, or Contaminate may cause inaccurate times.
  • Supply counts are checked every 10 seconds.